 Dungeon Crawl Stone Soup version 0.24.0-1-gfbc8707122 (webtiles) character file.

Game seed: 6148637680650124163, levelgen mode: deterministic

279 GordonOverkill the Skirmisher (level 6, -5/56 HPs)
             Began as a Minotaur Venom Mage on Oct 25, 2019.
             Was a Follower of Ru.
             Slain by an ogre
             ... wielding a +0 giant club
              (18 damage)
             ... on level 4 of the Dungeon.
             The game lasted 00:10:46 (5367 turns).

GordonOverkill the Skirmisher (Minotaur Venom Mage) Turns: 5367, Time: 00:10:46

Health: -5/56      AC:  9    Str: 15      XL:     6   Next: 5%
Magic:  7/7        EV:  6    Int: 12      God:    Ru [*.....]
Gold:   187        SH:  0    Dex:  8 (10) Spells: 7/8 levels left

rFire    . . .     SeeInvis .   c - +0 war axe
rCold    + . .     Gourm    .   (no shield)
rNeg     . . .     Faith    .   j - +0 chain mail
rPois    .         Spirit   .   (helmet restricted)
rElec    .         Reflect  .   o - +0 cloak
rCorr    .         Harm     .   (no gloves)
MR       .....                  (no boots)
Stlth    ..........             (no amulet)
HPRegen  0.18/turn              m - ring of protection from cold
MPRegen  0.10/turn              (no ring)

@: no status effects
A: retaliatory headbutt, horns 2, inability to train dodging
a: Renounce Religion


You were on level 4 of the Dungeon.
You worshipped Ru.
Ru was aware of your devotion.
You were not hungry.

You visited 1 branch of the dungeon, and saw 4 of its levels.

You collected 187 gold pieces.

Inventory:

Hand Weapons
 c - a +0 war axe (weapon)
 s - a +0 flail
Missiles
 d - 4 boomerangs (quivered)
Armour
 j - a +0 chain mail (worn)
 o - a +0 cloak (worn)
Jewellery
 m - a ring of protection from cold (left hand)
Wands
 b - a wand of enslavement (9)
Scrolls
 a - a scroll of noise {unknown}
 g - 2 scrolls of remove curse
 h - a scroll of teleportation
 k - 2 scrolls of fog {unknown}
 l - a scroll of amnesia {unknown}
Potions
 f - a potion of resistance {unknown}
 i - a potion of brilliance
 n - a potion of mutation
 r - a potion of magic {unknown}
Comestibles
 e - 8 rations
 p - a chunk of flesh


   Skills:
 - Level 5.0 Fighting
 + Level 2.5 Axes
 - Level 2.0 Stealth
 - Level 1.6 Spellcasting
 - Level 1.1 Conjurations
 - Level 2.4 Poison Magic


You had 7 spell levels left.
You knew the following spells:

 Your Spells              Type           Power        Failure   Level  Hunger
a - Sting                 Conj/Pois      #...         98%         1    ##.....

Your spell library contained the following spells:

 Spells                   Type           Power        Failure   Level  Hunger
 Poisonous Vapours        Pois/Air       #.....       100%        2    ###....
 Mephitic Cloud           Conj/Pois/Air  #.......     100%        3    ####...
 Olgreb's Toxic Radiance  Pois           #.......     100%        4    #####..
 Venom Bolt               Conj/Pois      #.........   100%        5    ######.


Dungeon Overview and Level Annotations

Branches:
Dungeon (4/15)
 Temple: D:4-7

Altars:
Cheibriados
Ru
Sif Muna
Vehumet

Annotations:
D:3 Sigmund
D:4 Menkaure


Innate Abilities, Weirdness & Mutations

You reflexively headbutt those who attack you in melee.
You have a pair of horns on your head.
You cannot train Dodging skill.


Message History

You climb downwards.
Level annotation: Menkaure A jackal skeleton comes into view.
There is a stone staircase leading up here.
The ogre hits you with a +0 giant club!!
You hit the ogre. Your headbutt misses the ogre.
The ogre is lightly wounded.
The ogre hits you with a +0 giant club.
You slash the ogre!
The ogre is severely wounded.
The ogre hits you with a +0 giant club!!
* * * LOW HITPOINT WARNING * * *
You are too injured to fight recklessly!
You hit the ogre.
The ogre is almost dead.
The ogre is stunned by your will and fails to attack.
You hit the ogre.
The ogre is almost dead.
The ogre hits you with a +0 giant club!!
You die...

.........
......... .
.....#..#.
........#. ##. .
....... ... #.#
#....# ..##.
#...#....#......
#.....@OZ.....
#....<###..##.
................
........###..##.
........# #
.##.#...#
........
.##.#...#
.......


You could see an ogre and a jackal skeleton.

Vanquished Creatures
  A quasit (D:3)
  An orc priest (D:2)
  Ijyb (D:3)
  An orc wizard (D:2)
  A worker ant (D:3)
  5 adders
  2 oozes
  An adder skeleton (D:3)
  2 worms
  2 dart slugs
  2 leopard geckos
  6 orcs
  A ball python (D:1)
  8 bats
  5 giant cockroaches
  10 hobgoblins
  8 kobolds
  2 frilled lizards (D:1)
  4 goblins
  6 rats
69 creatures vanquished.

Vanquished Creatures (collateral kills)
  A frilled lizard (D:3)
1 creature vanquished.

Grand Total: 70 creatures vanquished

Notes
Turn   | Place    | Note
-------+----------+-------------------------------------------
     0 | D:1      | GordonOverkill the Minotaur Venom Mage began the quest for
                  | the Orb.
     0 | D:1      | Reached XP level 1. HP: 14/14 MP: 1/1
   118 | D:1      | You fall into a shaft and drop 1 floor!
   156 | D:2      | Found a snail-covered altar of Cheibriados.
   787 | D:2      | Reached XP level 2. HP: 20/20 MP: 0/3
   887 | D:1      | Reached skill level 1 in Conjurations
  1617 | D:1      | Reached XP level 3. HP: 26/26 MP: 1/4
  2155 | D:2      | Found a sacrificial altar of Ru.
  2218 | D:2      | Became a worshipper of Ru the Awakened
  2326 | D:2      | Found a radiant altar of Vehumet.
  2618 | D:2      | Reached skill level 1 in Fighting
  2712 | D:2      | Reached skill level 2 in Fighting
  2712 | D:2      | Reached XP level 4. HP: 34/36 MP: 1/5
  3466 | D:2      | Reached skill level 3 in Fighting
  3675 | D:2      | Reached skill level 4 in Fighting
  3675 | D:2      | Reached XP level 5. HP: 32/46 MP: 2/6
  4031 | D:3      | Noticed Sigmund
  4181 | D:3      | Found a shimmering blue altar of Sif Muna.
  4241 | D:3      | Noticed Ijyb
  4355 | D:3      | Killed Ijyb
  4355 | D:3      | Reached skill level 1 in Axes
  4982 | D:3      | Gained mutation: You cannot train Dodging skill. [Ru
                  | sacrifice]
  4982 | D:3      | Reached * piety under Ru
  5007 | D:4      | Noticed Menkaure
  5057 | D:4      | Noticed an ogre
  5078 | D:3      | Reached skill level 5 in Fighting
  5078 | D:3      | Reached XP level 6. HP: 18/56 MP: 7/7
  5367 | D:4      | Slain by an ogre

Levels and vault maps discovered:
D:1:      dpeg_cavernosity, layout_loops_ring, minmay_3d_cube
D:2:      layout_loops_ring, vehumet_crystals, nicolae_ru_path_of_blood,
          cheibriados_altar_1
D:3:      layout_basic, overflow_temple_1_default, first_ration, uniq_sigmund,
          uniq_ijyb
D:4:      layout_basic, gammafunk_ghost_cemetery, lemuel_another_geyser,
          uniq_menkaure

Skill      XL: |  1  2  3  4  5 |
---------------+----------------+-----
Conjurations   | 1 |  1.1
Stealth        | 2 |  2.0
Fighting       | 2 4 5 |  5.0
Dodging        | 3 0 |  0.0
Axes           | 2 |  2.5
Spellcasting   | |  1.6
Poison Magic   | |  2.4

Action                   |  1- 3 |  4- 6 || total
-------------------------+-------+-------++-------
Melee: Unarmed           |     7 |     8 ||    15
       Club              |    57 |    16 ||    73
       Headbutt          |    11 |    19 ||    30
       Flail             |       |    22 ||    22
       War axe           |       |   103 ||   103
Throw: Boomerang         |     5 |     2 ||     7
 Cast: Sting             |    30 |    19 ||    49
Invok: Sacrifice Nimblen |       |     1 ||     1
Evoke: Wand              |       |     1 ||     1
  Use: Scroll            |     1 |     5 ||     6
       Potion            |       |     4 ||     4
 Stab: Sleeping          |     2 |       ||     2
       Invisible         |       |     2 ||     2
  Eat: Chunk             |     6 |    10 ||    16
Armor: Robe              |    14 |       ||    14
       Leather armour    |     9 |    14 ||    23
       Skin              |       |    12 ||    12
       Chain mail        |       |    78 ||    78
       Scale mail        |       |     4 ||     4
Dodge: Dodged            |    86 |    89 ||   175
